 Dungeon Crawl Stone Soup version 0.18.1-8-gdd0e5ea (webtiles) character file.

95 mindo the Firebug (level 4, -5/27 HPs)
             Began as a High Elf Fire Elementalist on June 9, 2016.
             Was an Initiate of Sif Muna.
             Killed by divine providence
             ... invoked by an orc priest
              (9 damage)
             ... on level 3 of the Dungeon.
             The game lasted 00:20:20 (2675 turns).

mindo the Firebug (High Elf Fire Elementalist)      Turns: 2675, Time: 00:20:20

Health: -5/27      AC:  3    Str:  7    XL:     4   Next: 39%
Magic:  2/10       EV:  8    Int: 20    God:    Sif Muna [......]
Gold:   95         SH:  0    Dex: 15    Spells: 2 memorised, 6 levels left

rFire  . . .     SeeInvis .     g - +0 short sword
rCold  . . .     Gourm    .     a - +0 robe
rNeg   + . .     Faith    .     (no shield)
rPois  .         Spirit   .     (no helmet)
rElec  .         Dismiss  .     (no cloak)
rCorr  .         Reflect  .     h - +0 pair of gloves
SustAt .         Harm     .     (no boots)
MR     .....                    (no amulet)
Stlth  ++........               (no ring)
                                k - ring of positive energy

@: flying, not resistant to hostile enchantments, unstealthy
A: no striking features
a: Renounce Religion


You were on level 3 of the Dungeon.
You worshipped Sif Muna.
Sif Muna was noncommittal.
You were not hungry.

You visited 1 branch of the dungeon, and saw 4 of its levels.

You collected 95 gold pieces.

Inventory:

Hand Weapons
 g - a +0 short sword (weapon)
Armour
 a - a +0 robe (worn)
 h - a +0 pair of gloves (worn)
Jewellery
 k - a ring of positive energy (left hand)
Scrolls
 f - a scroll of identify
 i - a scroll of remove curse {unknown}
 m - a scroll of fear {unknown}
Potions
 d - 2 potions of curing
 l - a potion of mutation {unknown}
Books
 b - a book of Flames

   Spells                             Type                      Level
   a - Flame Tongue                   Conjuration/Fire             1
   b - Throw Flame                    Conjuration/Fire             2
   c - Conjure Flame                  Conjuration/Fire             3
   d - Inner Flame                    Hexes/Fire                   3
   e - Sticky Flame                   Conjuration/Fire             4
   f - Fireball                       Conjuration/Fire             5
Comestibles
 c - a bread ration


   Skills:
 + Level 0.2 Short Blades
 + Level 2.9 Dodging
 + Level 2.8 Stealth
 + Level 3.6 Spellcasting
 + Level 1.5 Conjurations
 + Level 3.7 Fire Magic


You had 6 spell levels left.
You knew the following spells:

 Your Spells              Type           Power        Failure   Level  Hunger
a - Flame Tongue          Conj/Fire      ##...        4%          1    None
b - Conjure Flame         Conj/Fire      ##......     14%         3    ###....


Dungeon Overview and Level Annotations

Branches:
Dungeon (4/15)
 Temple: D:4-7

Altars:
Kikubaaqudgha
Sif Muna

Annotations:
D:4 Eustachio


Message History

Press: ? - help, Shift-Dir - straight line, f/p - orc
Aim: an orc, wielding a falchion and wearing a ring mail (heavily wounded)
The flame tongue hits the orc.
The orc appears unharmed.
The orc is heavily wounded.
It was a potion of flight.
You feel very buoyant.
You fly up into the air.
The orc priest casts a cantrip, but nothing happens.
The orc priest mumbles some strange prayers to Beogh against you.
Beogh smites you!
Ouch! That really hurt!
* * * LOW HITPOINT WARNING * * *
The orc priest miscasts a cantrip.
The kobold throws a stone.
The stone hits you but does no damage.
You see here a stone.
The orc priest miscasts a cantrip.
There is a stone staircase leading up here.
The orc priest invokes the aid of Beogh against you.
Beogh smites you!
You die...

#....# #...[#..#
#.#..#.# # ######
###o##..#####.#..#.#
#
#...............###
#
#.(##))...........#
#
#...##.##########.#
# #.#.##.#.### #.# #
#......#...# #.# #
####o#.#.#.# #.# #
#@..#.#.# #.. #
###...#.#.##########
#.......#.#.........
#.#.#>..#.#.########
#.#(....#.......#
#.#.....###.#...#
#.........#.#.####
####..#.#.#.#....#
#....#.#.####.#


You could see an orc priest and an orc.

Vanquished Creatures
  2 adders (D:2)
  2 oozes (D:1)
  3 dart slugs
  3 giant geckos
  10 orcs (D:3)
  A ball python (D:1)
  5 goblins
  5 hobgoblins (D:1)
  3 jackals (D:3)
  4 kobolds
  A quokka (D:2)
  5 bats
  3 rats
47 creatures vanquished.

Notes
Turn   | Place    | Note
--------------------------------------------------------------
     0 | D:1      | mindo the High Elf Fire Elementalist began the quest for the Orb.
     0 | D:1      | Reached XP level 1. HP: 11/11 MP: 4/4
   261 | D:1      | Reached XP level 2. HP: 16/17 MP: 1/6
   536 | D:1      | Reached XP level 3. HP: 21/21 MP: 4/8
  1047 | D:2      | Found an ancient bone altar of Kikubaaqudgha.
  1340 | D:4      | Noticed Eustachio
  1593 | D:2      | Reached XP level 4. HP: 26/27 MP: 7/10
  1770 | D:3      | Learned a level 3 spell: Conjure Flame
  1829 | D:3      | Found a deep blue altar of Sif Muna.
  1840 | D:3      | Became a worshipper of Sif Muna the Loreminder
  2675 | D:3      | Killed from afar by an orc priest

Skill      XL: |  1  2  3 |
---------------+----------+-----
Spellcasting   | 3 |  3.6
Short Blades   | |  0.2
Dodging        | |  2.9
Stealth        | |  2.8
Conjurations   | |  1.5
Fire Magic     | |  3.7

Action                   |  1- 3 |  4- 6 || total
-------------------------+-------+-------++-------
Melee: Short sword       |     3 |       ||     3
 Cast: Flame Tongue      |    59 |    32 ||    91
       Conjure Flame     |       |     6 ||     6
  Use: Scroll            |       |     3 ||     3
       Potion            |       |     2 ||     2
  Eat: Bread ration      |     1 |     1 ||     2
Armor: Robe              |    13 |       ||    13
Dodge: Dodged            |    49 |    10 ||    59
